 Dungeon Crawl Stone Soup version 0.22.1-1-ga44c0e56f4 (webtiles) character file.

4678 GsBirdie the Destroyer (level 10, -1/93 HPs)
             Began as a White Draconian Conjurer on Oct 30, 2018.
             Was a Believer of Okawaru.
             Slain by a troll (7 damage)
             ... on level 9 of the Dungeon.
             The game lasted 00:51:20 (11174 turns).

GsBirdie the Destroyer (White Draconian Conjurer)  Turns: 11174, Time: 00:51:21

Health: -1/93      AC: 10    Str: 16    XL:     10   Next: 21%
Magic:  11/13      EV: 13    Int: 16    God:    Okawaru [**....]
Gold:   796        SH:  0    Dex: 14    Spells: 2/13 levels left

rFire    + . .     SeeInvis +   D - +6 quarterstaff (protect)
rCold    + + .     Gourm    .   (shield currently unavailable)
rNeg     . . .     Faith    .   (armour unavailable)
rPois    .         Spirit   .   (helmet restricted)
rElec    .         Reflect  .   k - scarf {rC+ rF+}
rCorr    .         Harm     .   (no gloves)
MR       .....                  (no boots)
Stlth    ++........             h - amulet of magic regeneration
HPRegen  0.25/turn              o - +3 ring of protection
MPRegen  0.38/turn              z - ring of see invisible

@: mighty
A: breathe frost, unfitting armour, cold resistance 1, cold-blooded, AC +7
a: Breathe Frost, Heroism, Renounce Religion


You were on level 9 of the Dungeon.
You worshipped Okawaru.
Okawaru was pleased with you.
You were not hungry.

You visited 2 branches of the dungeon, and saw 10 of its levels.
You also visited: Ossuary.

You collected 957 gold pieces.
You spent 161 gold pieces at shops.

Inventory:

Hand Weapons
 D - a +6 quarterstaff of protection (weapon)
Armour
 k - a scarf of resistance (worn)
Jewellery
 f - an uncursed ring of fire
 h - an amulet of magic regeneration (around neck)
 o - a +3 ring of protection (left hand)
 p - an uncursed ring of wizardry
 q - an uncursed ring of flight
 z - a ring of see invisible (right hand)
Wands
 v - a wand of digging (13)
 w - a wand of flame (34)
 x - a wand of polymorph (2)
 y - a wand of scattershot (5)
 B - a wand of clouds (7)
Scrolls
 c - 2 scrolls of amnesia
 d - 6 scrolls of remove curse
 j - 10 scrolls of teleportation
 m - 3 scrolls of fear
 r - 2 scrolls of blinking
 s - a scroll of noise {unknown}
 t - a scroll of random uselessness {unknown}
 u - a scroll of immolation {unknown}
 A - a scroll of fog {unknown}
 E - a scroll of magic mapping {unknown}
Potions
 a - 2 potions of agility
 e - 5 potions of curing
 g - a potion of magic
 i - a potion of resistance
 l - 3 potions of brilliance
 n - a potion of might
 C - a potion of degeneration {unknown}
Comestibles
 b - 16 rations


   Skills:
 - Level 10.0 Fighting
 + Level 0.7 Staves
 * Level 2.8 Dodging
 - Level 1.7 Stealth
 - Level 2.0 Spellcasting
 - Level 12.0 Conjurations
 + Level 0.4 Evocations


You had 2 spell levels left.
You knew the following spells:

 Your Spells              Type           Power        Failure   Level  Hunger
a - Magic Dart            Conj           ####         1%          1    #......
b - Searing Ray           Conj           #####.       1%          2    ###....
c - Iskenderun's Mystic   Conj           #####...     1%          4    #####..
d - Fulminant Prism       Conj/Hex       ###.......   17%         4    #####..

Your spell library contained the following spells:

 Spells                   Type           Power        Failure   Level  Hunger
 Corona                   Hex            #......      21%         1    #......
 Ensorcelled Hibernation  Hex/Ice        #.....       30%         2    ###....
 Dazzling Spray           Conj/Hex       ###...       5%          3    ###....
 Force Lance              Conj/Tloc      ###.....     17%         4    #####..
 Confuse                  Hex            #.......     52%         3    ###....
 Tukima's Dance           Hex            #.......     52%         3    ###....


Dungeon Overview and Level Annotations

Branches:
Dungeon (9/15)             Temple (1/1) D:6
   Lair: D:8-11         Orc: D:9-12

Altars:
Ashenzari
Cheibriados
Dithmenos
Elyvilon
Fedhas
Gozag
Hepliaklqana
Kikubaaqudgha
Makhleb
Nemelex Xobeh
Okawaru
Ru
Sif Muna
Trog
Uskayaw
Vehumet
Wu Jian
Xom
Yredelemnul
Zin
The Shining One

Shops:
D:4 (   D:8 (:((?

Annotations:
D:3 2 transporters, Cykl0x's ghost, amateur GrFi
D:4 Pikel
D:8 Joseph


Innate Abilities, Weirdness & Mutations

You can breathe waves of freezing cold.
You can buffet flying creatures when you breathe cold.
Your icy white scales are hard. (AC +7)
You cannot fit into any form of body armour.
Your flesh is cold resistant. (rC+)
You are cold-blooded and may be slowed by cold attacks.


Message History

You feel like a meek peon again. The troll bites you but does no damage.
The troll claws you!
* * * LOW HITPOINT WARNING * * *
The troll claws you but does no damage.
The searing ray hits the troll.
The troll is almost dead.
The troll bites you!
* * * LOW HITPOINT WARNING * * *
The troll closely misses you. The troll claws you.
* * * LOW HITPOINT WARNING * * *
You feel better.
You have got your breath back.
The troll bites you but does no damage. The troll claws you but does no damage.
The troll claws you.
* * * LOW HITPOINT WARNING * * *
You feel very mighty all of a sudden. The troll bites you.
* * * LOW HITPOINT WARNING * * *
The troll claws you!
You die...

.... ######
.... ......
.....
......####.....
...............
...............
......T........
#@....# #.....#
#.....# #.....#
#.....# #.....#
+.....# #......


You could see a troll.

Vanquished Creatures
  A two-headed ogre (D:7)
  A hornet (D:8)
  2 water moccasins
  An orc warrior (D:6)
  2 sky beasts (D:8)
  An ice beast (D:5)
  2 necrophages (D:7)
  10 ogres
  3 phantoms
  4 slaves (D:5)
  An elf zombie (Ossuary)
  3 bullfrogs
  A water moccasin skeleton (D:5)
  4 scorpions
  4 jellies
  2 howler monkeys
  4 centaur zombies
  7 crimson imps
  A human zombie (Ossuary)
  3 hounds
  A centaur skeleton (D:4)
  4 orc priests
  2 orc wizards (D:6)
  A bullfrog skeleton (D:6)
  2 iguanas
  6 worker ants
  2 big kobold zombies (Ossuary)
  A hound skeleton (D:4)
  2 mummies (Ossuary)
  A worker ant zombie (D:8)
  4 gnolls (D:8)
  11 adders
  A shadow imp (D:6)
  2 oozes (D:6)
  An adder skeleton (D:4)
  2 worms
  3 dart slugs
  4 leopard geckos
  12 orcs
  13 giant cockroaches
  8 goblins
  9 hobgoblins
  10 jackals
  4 quokkas
  A ball python (D:5)
  9 bats
  4 frilled lizards
  A gnoll zombie (Ossuary)
  3 goblin zombies (Ossuary)
  3 hobgoblin zombies (Ossuary)
  2 jackal skeletons
  7 kobolds
  An orc zombie (Ossuary)
  14 rats
  2 fungi (D:7)
210 creatures vanquished.

Vanquished Creatures (others)
  A fulminant prism (D:6)
1 creature vanquished.

Grand Total: 211 creatures vanquished

Notes
Turn   | Place    | Note
-------+----------+-------------------------------------------
     0 | D:1      | GsBirdie the Draconian Conjurer began the quest for the
                  | Orb.
     0 | D:1      | Reached XP level 1. HP: 14/14 MP: 3/3
   280 | D:1      | Reached XP level 2. HP: 20/20 MP: 0/5
   306 | D:1      | Learned a level 2 spell: Searing Ray
   768 | D:1      | Reached skill level 5 in Conjurations
   824 | D:1      | Reached XP level 3. HP: 26/26 MP: 1/6
  2103 | D:2      | Reached XP level 4. HP: 33/33 MP: 4/7
  2120 | D:2      | Learned a level 4 spell: Iskenderun's Mystic Blast
  2185 | D:2      | Found a glowing golden altar of the Shining One.
  2376 | D:3      | Found a basalt altar of Yredelemnul.
  2611 | D:3      | Noticed Cykl0x's ghost (amateur GrFi)
  2613 | D:3      | Noticed an ogre
  2740 | D:3      | Killed an ogre
  2740 | D:3      | Reached skill level 6 in Conjurations
  2740 | D:3      | Reached XP level 5. HP: 38/38 MP: 4/8
  2857 | D:3      | Found a transporter.
  2952 | D:3      | Found a sacrificial altar of Ru.
  3157 | D:3      | Reached skill level 7 in Conjurations
  3284 | D:3      | Found a transporter.
  3324 | D:4      | Noticed an ogre
  3336 | D:4      | Killed an ogre
  3336 | D:4      | Reached XP level 6. HP: 35/45 MP: 3/9
  3432 | D:4      | Found a sand-covered staircase.
  3438 | Ossuary  | Entered an ossuary
  3462 | Ossuary  | Reached skill level 8 in Conjurations
  3684 | Ossuary  | Your scales start taking on an icy white colour.
  3684 | Ossuary  | Reached XP level 7. HP: 38/50 MP: 7/10
  3684 | Ossuary  | Gained mutation: Your flesh is cold resistant. (rC+) [White
                  | Draconian growth]
  4119 | D:4      | Reached skill level 9 in Conjurations
  4304 | D:4      | Found a hide-covered altar of Uskayaw.
  4843 | D:4      | Found Oviuram's Antique Weapon Emporium.
  5439 | D:5      | Entered Level 5 of the Dungeon
  5486 | D:5      | Reached skill level 10 in Conjurations
  5486 | D:5      | Reached XP level 8. HP: 57/57 MP: 7/11
  5500 | D:5      | Reached skill level 1 in Fighting
  5592 | D:5      | Learned a level 4 spell: Fulminant Prism
  5689 | D:5      | Noticed Pikel
  6900 | D:6      | Found a hazy altar of Hepliaklqana.
  6901 | D:6      | Found a shimmering altar of Xom.
  6902 | D:6      | Noticed a spectral ugly thing
  7078 | D:6      | Reached skill level 5 in Fighting
  7308 | D:6      | Found a staircase to the Ecumenical Temple.
  7317 | Temple   | Entered the Ecumenical Temple
  7474 | Temple   | Became a worshipper of Warmaster Okawaru
  7538 | D:6      | Found an iron altar of Okawaru.
  8111 | D:6      | Reached XP level 9. HP: 75/75 MP: 8/12
  8197 | D:6      | Reached skill level 11 in Conjurations
  9007 | D:7      | Got a shimmering war axe
  9008 | D:7      | Identified the +6 war axe "Sasatip" {chop, +Fly rElec Str-3
                  | Int+8} (You found it on level 7 of the Dungeon)
  9149 | D:7      | Identified a scroll of acquirement
  9235 | D:7      | Reached * piety under Okawaru
  9675 | D:8      | Noticed a two-headed ogre
  9686 | D:7      | Killed a two-headed ogre
  9686 | D:7      | Reached ** piety under Okawaru
  9940 | D:8      | Reached XP level 10. HP: 92/92 MP: 9/13
 10046 | D:8      | Found Jataog's Antique Weapon Emporium.
 10146 | D:8      | Reached skill level 10 in Fighting
 10219 | D:8      | Found Ikiymn's Antique Weapon Shoppe.
 10286 | D:8      | Bought a glowing quarterstaff for 161 gold pieces
 10513 | D:8      | Reached skill level 12 in Conjurations
 10531 | D:8      | Found Umugryip's Antique Weapon Shop.
 10541 | D:8      | Found Imurho's Magic Scroll Shoppe.
 10758 | D:8      | Noticed Joseph
 11009 | D:8      | Found Qarr's Book Shop.
 11172 | D:9      | HP: 2/93 [troll (3)]
 11174 | D:9      | Slain by a troll

Skill      XL: |  1  2  3  4  5  6  7  8  9 10 |
---------------+-------------------------------+-----
Conjurations   | 5 6 7 8 10 11 12 | 12.0
Fighting       | 6 9 10 | 10.0
Dodging        | 2 |  2.8
Staves         | |  0.7
Stealth        | |  1.7
Spellcasting   | |  2.0
Evocations     | |  0.4

Action                   |  1- 3 |  4- 6 |  7- 9 | 10-12 || total
-------------------------+-------+-------+-------+-------++-------
Melee: Unarmed           |    35 |       |       |       ||    35
       Tailslap          |     1 |    16 |    14 |     4 ||    35
       Dagger            |       |    90 |    91 |       ||   181
       War axe           |       |       |    25 |    14 ||    39
       Quarterstaff      |       |       |       |    16 ||    16
 Cast: Magic Dart        |    92 |    62 |   143 |    17 ||   314
       Searing Ray       |     2 |     8 |    33 |    14 ||    57
       Iskenderun's Myst |       |     1 |    16 |     9 ||    26
       Fulminant Prism   |       |       |     1 |       ||     1
Invok: Heroism           |       |       |       |     1 ||     1
 Abil: Breathe Frost     |       |       |    29 |     4 ||    33
  Use: Scroll            |       |     2 |    11 |     1 ||    14
       Potion            |       |     2 |       |     2 ||     4
  Eat: Chunk             |     5 |     7 |    22 |     3 ||    37
       Ration            |       |       |     3 |     2 ||     5
Armor: Skin              |    19 |    39 |    73 |    25 ||   156
Dodge: Dodged            |    29 |    63 |   121 |    54 ||   267
